 Dungeon Crawl Stone Soup version 0.28-a0-312-gbced6e68ee (webtiles) character file.

Game seed: 7704828258330008827

36 voltaire321 the Chopper (level 3, -1/33 HPs)
             Began as a Hill Orc Cinder Acolyte on Aug 31, 2021.
             Was a High Priest of Ignis.
             Slain by an adder (2 damage)
             ... on level 2 of the Dungeon.
             The game lasted 00:04:55 (1362 turns).

voltaire321 the Chopper (Hill Orc Cinder Acolyte)   Turns: 1362, Time: 00:04:56

Health: -1/33      AC:  2    Str: 17    XL:     3   Next: 37%
Magic:  4/4        EV: 11    Int: 13    God:    Ignis [*****.]
Gold:   36         SH:  0    Dex:  7    Spells: 3/4 levels left

rFire   + . .      SeeInvis .   a - -1 hand axe (flame)
rCold   . . .      Faith    .   (no shield)
rNeg    . . .      Spirit   .   b - +0 robe
rPois   .          Reflect  .   (no helmet)
rElec   .          Harm     .   (no cloak)
rCorr   .          Rampage  .   (no gloves)
Will    .....                   (no boots)
Stlth   +.........              (no amulet)
HPRegen 0.11/turn               (no ring)
MPRegen 0.09/turn               (no ring)

@: lethally poisoned (-1 -> -3)
A: no striking features
a: Renounce Religion, Sea of Fire, Foxfire Swarm, Rising Flame


You were on level 2 of the Dungeon.
You worshipped Ignis.
Ignis was extremely pleased with you.
You visited 1 branch of the dungeon, and saw 2 of its levels.

You collected 36 gold pieces.

Inventory:

Hand Weapons
 a - a -1 hand axe of flaming (weapon)
Missiles
 f - 21 poisoned darts
Armour
 b - a +0 robe (worn)
Jewellery
 i - a ring of protection from cold
Scrolls
 c - a scroll of identify {unknown}
 d - a scroll of vulnerability {unknown}
 e - 2 scrolls of acquirement {unknown}
 j - a scroll of fear {unknown}
Potions
 g - a potion of curing {unknown}
 h - a potion of flight {unknown}


   Skills:
 + Level 4.0 Fighting
 + Level 4.4 Axes
 + Level 1.1 Armour
 + Level 1.3 Spellcasting
 + Level 1.8 Fire Magic


You had 3 spell levels left.
You knew the following spells:

 Your Spells              Type           Power      Damage    Failure   Level
a - Foxfire               Conj/Fire      12%        2x1d4     19%         1

Your spell library contained the following spells:

 Spells                   Type           Power      Damage    Failure   Level


Dungeon Overview and Level Annotations

Branches:
Dungeon (2/15)

Altars:

Shops:
D:1 :

Annotations:
D:2 Robin


Message History

The adder misses you.
A goblin comes into view. It is wielding a +0 club.
The adder closely misses you.
You completely miss the adder.
You feel sick. The adder bites you.
You barely miss the adder.
You feel sick. The adder bites you. The adder bites you but does no damage.
You closely miss the adder.
You feel sick. The adder barely misses you.
You barely miss the adder.
You feel sick. The adder barely misses you.
A goblin comes into view. It is wielding a +0 club.
You closely miss the adder.
You feel sick.
You are no longer poisoned.
The goblin shouts!
You hear an angry hiss.
The adder barely misses you. The adder closely misses you.
You barely miss the adder. The adder barely misses you.
A goblin comes into view. It is wielding a +0 dagger.
You closely miss the adder. The adder bites you.
* * * LOW HITPOINT WARNING * * *
You are poisoned.
The adder poisons you!
A goblin comes into view. It is wielding a +0 dagger.
The adder bites you.
* * * LOW HITPOINT WARNING * * *
You miss the adder.
* * * LOW HITPOINT WARNING * * *
You feel sick.
A goblin comes into view. It is wielding a +0 dagger.
The adder closely misses you.
The goblin shouts!
You hit the adder. You burn the adder.
The adder is heavily wounded.
* * * LOW HITPOINT WARNING * * *
You feel sick.
You hear a shout!
The adder closely misses you.
A goblin comes into view. It is wielding a +0 club.
You barely miss the adder.
The adder is heavily wounded.
* * * LOW HITPOINT WARNING * * *
You feel sick. The adder bites you.
You die... )°g

#g#g .ggg###
.g.§☼°. #°g§○°.
☼.g..)○########
.☼○○..S☼☼...§§☼
○..☼.°)@#
.#.####○# #§#
○S# ☼.# ...#
..## ..§


You could see an adder, 9 goblins and a ball python.

Vanquished Creatures
  A dart slug (D:1)
  4 endoplasms (D:1)
  A giant cockroach (D:1)
  5 goblins
  4 hobgoblins (D:1)
  A quokka (D:1)
  7 bats
  3 frilled lizards (D:1)
  A kobold (D:1)
  5 rats (D:1)
32 creatures vanquished.

Vanquished Creatures (others)
  3 foxfires (D:1)
3 creatures vanquished.

Grand Total: 35 creatures vanquished

Notes
Turn   | Place    | Note
-------+----------+-------------------------------------------
     0 | D:1      | voltaire321 the Hill Orc Cinder Acolyte began the quest for
                  | the Orb.
     0 | D:1      | Reached XP level 1. HP: 19/19 MP: 2/2
    84 | D:1      | Found Iveklaap's Book Emporium.
   105 | D:1      | Reached XP level 2. HP: 5/27 MP: 3/3
   114 | D:1      | HP: 1/27 [goblin (1)]
   699 | D:1      | Reached skill level 1 in Armour
   806 | D:1      | Reached XP level 3. HP: 15/33 MP: 4/4
  1350 | D:2      | Noticed Robin
  1362 | D:2      | HP: 1/33 [poisoned by an adder]
  1362 | D:2      | Slain by an adder

Illustrated notes

Levels and vault maps discovered:
D:1:      shiori_shiawase, layout_loops_ring, serial_shops, shop,
          minmay_hexomino_u4
D:2:      layout_basic, minmay_snake_closets, uniq_robin

Skill      XL: |  1  2  3 |
---------------+----------+-----
Armour         | 1 |  1.1
Fighting       | 4 |  4.0
Axes           | |  4.4
Spellcasting   | |  1.3
Fire Magic     | |  1.8

Action                   || total
-------------------------++-------
Melee: Hand axe          ||    92
 Cast: Foxfire           ||     2
Invok: Sea of Fire       ||     1
 Stab: Sleeping          ||     1
Armor: Robe              ||    22
Dodge: Dodged            ||    75

Table legend: (Time is in decaauts)
 A = Elapsed time spent in this place.
 B = Non-inter-level travel time spent in this place.
 C = Inter-level travel time spent in this place.
 D = Time resting spent in this place.
 E = Time spent auto-exploring this place.
 F = Levels seen in this place.
 G = Mean time per level.
                   A        B        C        D        E       F      G
               +--------+--------+--------+--------+--------+-----+--------+
         Total |   1369 |   1355 |     14 |    367 |    698 |   2 |  684.5 |
       Dungeon |   1369 |   1355 |     14 |    367 |    698 |   2 |  684.5 |
               +--------+--------+--------+--------+--------+-----+--------+

Top non-repeatable levels by time:
     D:1: 1352 daAuts
     D:2: 17 daAuts
